AoeStats
← Fazzz7z

Socotra

506825783Analyzed
2v2 RM · 17d ago on Sep 15, 2026· 37m 17s· 4 players
Game mode
Random Map
Map size
Tiny (2 player)
Population
200
Speed
Normal
Resources
Standard
Victory
Conquest
Starting age
Dark Age
Ending age
Imperial Age
RankedLock teamsTeams togetherTeam positionsShared explorationLock speedFull tech treeHidden civsTurbo modeCheats
Victory
Defeat
🇫🇷 Saracens · France
1341
+17
🇬🇧 Khmer · United Kingdom
1301
+18
🇬🇧 Franks · United Kingdom
1416
-20
🇦🇷 Burgundians · Argentina
1296
-15
El_diouf
5:19 Loom
10:10 Feudal Age
10:52 Double-Bit Axe
19:26 Padded Archer Armor
19:36 Fletching
23:53 Wheelbarrow
28:13 Castle Age
26:40 Gold Mining
26:47 Town Watch
28:53 Bodkin Arrow
28:44 Crossbowman
34:11 Ballistics
35:11 Thumb Ring
elitedurasteel
8:13 Feudal Age
10:04 Double-Bit Axe
10:58 Loom
14:53 Horse Collar
17:20 Fletching
19:26 Scale Barding Armor
20:49 Wheelbarrow
25:47 Castle Age
24:28 Forging
27:04 Chain Barding Armor
27:30 Bloodlines
27:21 Husbandry
28:10 Gold Mining
30:47 Gold Shaft Mining
35:21 Iron Casting
37:17 Light Cavalry
阿立
1:11 Loom
4:49 Double-Bit Axe
10:45 Feudal Age
10:49 Man-at-Arms
14:58 Gold Mining
17:19 Fletching
18:09 Padded Archer Armor
19:23 Bow Saw
28:14 Castle Age
27:35 Horse Collar
29:07 Heavy Plow
28:52 Crossbowman
31:20 Redemption
32:01 Wheelbarrow
31:58 Crop Rotation
33:47 Bodkin Arrow
35:14 Elite Skirmisher
37:23 Ballistics
Fazzz7z
7:17 Loom
9:30 Feudal Age
7:46 Loom
19:26 Scale Barding Armor
24:25 Castle Age
23:37 Double-Bit Axe
24:16 Gold Mining
24:52 Forging
24:28 Light Cavalry
25:57 Chain Barding Armor
28:31 Iron Casting
28:10 Husbandry
30:04 Pikeman
31:56 Squires
35:35 Scale Mail Armor
Connection lost

Rejoining the realm…

Still unreachable

The connection could not be restored.

Session expired

The server has moved on; the page needs a fresh start.